 Dungeon Crawl Stone Soup version 0.24.0-123-gd5b16e6ec5 (webtiles) character file.

Game seed: 4838288908971827067, levelgen mode: deterministic

2443 FishyPogo the Skirmisher (level 9, -8/111 HPs)
             Began as a Demonspawn Chaos Knight on Jan 29, 2020.
             Was a Plaything of Xom.
             Mangled by Joseph
             ... wielding a +0 quarterstaff
              (16 damage)
             ... on level 7 of the Dungeon.
             The game lasted 00:17:15 (5113 turns).

FishyPogo the Skirmisher (Demonspawn Chaos Knight)  Turns: 5113, Time: 00:17:15

Health: -8/111     AC:  7    Str: 21    XL:     9   Next: 25%
Magic:  9/9        EV: 11    Int: 13    God:    Xom [...*..]
Gold:   343        SH:  7    Dex: 13    Spells: 7/8 levels left

rFire    . . .     SeeInvis .   a - +1 dagger (elec)
rCold    + . .     Gourm    .   r - +2 buckler
rNeg     . . .     Faith    .   b - +2 leather armour
rPois    .         Spirit   .   (helmet restricted)
rElec    .         Reflect  .   (no cloak)
rCorr    .         Harm     .   (no gloves)
MR       .....                  (boots unavailable)
Stlth    ..........             B - amulet of magic regeneration
HPRegen  0.28/turn              (no ring)
MPRegen  0.36/turn              (no ring)

@: mighty, berserking, very slightly contaminated, invisible, very quick
A: antennae 1, talons 3, rugged brown scales 1, cold resistance 1, shaggy fur 1,
spiny 2
a: Renounce Religion


You were on level 7 of the Dungeon.
You worshipped Xom.
You were a favourite toy of Xom.
You were hungry.

You visited 1 branch of the dungeon, and saw 7 of its levels.

You collected 343 gold pieces.

Inventory:

Hand Weapons
 a - a +1 dagger of electrocution (weapon)
 s - the +8 longbow "Zephyr" {speed, Dex+3 SInv}
   (You found it on level 5 of the Dungeon)

   Attacks with this weapon are significantly faster.
   It affects your dexterity (+3).
   It lets you see invisible.
Missiles
 i - 183 stones
 k - 15 poisoned darts
 o - 6 boomerangs (quivered)
 x - a throwing net
Armour
 b - a +2 leather armour (worn)
 r - a +2 buckler (worn)
 A - a +2 helmet
Jewellery
 B - an amulet of magic regeneration (around neck)
 C - an uncursed amulet of rage
 D - an uncursed ring of fire
Wands
 y - a wand of digging (5)
 E - a wand of clouds (2)
Scrolls
 f - 2 scrolls of enchant weapon {unknown}
 g - a scroll of teleportation {unknown}
 h - 2 scrolls of identify
 m - 2 scrolls of enchant armour {unknown}
 q - 3 scrolls of remove curse
 u - a scroll of noise {unknown}
 w - a scroll of random uselessness {unknown}
 F - a scroll of amnesia
 I - a scroll of blinking {unknown}
Potions
 j - a potion of ambrosia
 l - 2 potions of lignification
 n - a potion of flight
 p - 3 potions of curing
 t - a potion of brilliance
 v - a potion of resistance
 z - 2 potions of agility
Comestibles
 c - 23 rations


   Skills:
 + Level 7.0 Fighting
 + Level 6.3 Short Blades
 + Level 5.8 Armour
 - Level 1.0 Dodging
 + Level 5.5 Shields


You had 7 spell levels left.
You knew the following spells:

 Your Spells              Type           Power        Failure   Level  Hunger
y - Beastly Appendage     Tmut           #.....       34%         1    ##.....

Your spell library contained the following spells:

 Spells                   Type           Power        Failure   Level  Hunger
 Sticks to Snakes         Tmut           #.......     47%         2    ###....
 Spider Form              Tmut/Pois      #.........   71%         3    ####...
 Ice Form                 Ice/Tmut       #.......     98%         4    #####..
 Blade Hands              Tmut           #.........   100%        5    ######.


Dungeon Overview and Level Annotations

Branches:
Dungeon (7/15)             Temple (0/1) D:6

Altars:
Ashenzari
Dithmenos
Fedhas
Hepliaklqana
Makhleb
Nemelex Xobeh
Okawaru
Qazlal
Trog
Vehumet
Xom

Shops:
D:5 (

Annotations:
D:7 Joseph


Innate Abilities, Weirdness & Mutations

You have claws for feet.
You are partially covered in rugged brown scales. (AC +1, +3% HP)
You are mostly covered in sharp spines.
You have a pair of small antennae on your head.
Your flesh is cold resistant. (rC+)
You are covered in fur. (AC +1)


Message History

Unknown command.
The orc shouts! x2
Joseph unwields a +5 hunting sling.
Joseph wields a +0 quarterstaff.
You block Joseph's attack.
You hit Joseph.
Joseph is lightly wounded.
The orc shouts! x2
Unknown command.
You are too berserk!
You hit Joseph. Your kick misses Joseph.
Joseph is lightly wounded.
The orc shouts! x2
You hit Joseph. You claw Joseph!
Joseph is moderately wounded.
The orc shouts! x2
You puncture Joseph!
Joseph is heavily wounded.
The orc shouts! x2
Joseph is struck by your spines. Joseph hits you with a +0 quarterstaff!
You die...

#.##..# #. ....
..............# #. .#.
.........##.o.# ## ....
.....oo.......# ...)
..........# #.# ....
..........# #.# ...
..........#.#.##########
........)...#...........
......@@)####....#######
........)))(+....'..#
..%......####....##.#
.........# #....##.#
....$....# #....##.#
########## #....##.#
#....##.####
#....##.....
#....#######


You could see Joseph and 2 orcs.

Vanquished Creatures
  A cyclops (D:6)
  Menkaure (D:6)
  The ghost of Xerdoz the Insei, an amateur OpTm (D:4)
  An orc warrior (D:3)
  2 sky beasts
  An ice beast (D:4)
  A centaur (D:6)
  2 ogres
  A scorpion (D:6)
  A killer bee (D:3)
  A crimson imp (D:4)
  2 hounds (D:4)
  2 orc priests (D:3)
  7 orc wizards
  An iguana (D:5)
  Natasha (twice) (D:3)
  Terence (D:2)
  5 worker ants
  A centaur simulacrum (D:4)
  2 hound skeletons
  Robin (D:4)
  17 gnolls
  12 adders
  A hound simulacrum (D:4)
  A shadow imp (D:5)
  A howler monkey simulacrum (D:4)
  2 worker ant simulacra (D:4)
  An ooze (D:3)
  3 worms
  2 adder skeletons (D:6)
  3 dart slugs
  3 leopard geckos
  16 orcs
  6 giant cockroaches
  14 hobgoblins
  10 jackals
  A quokka (D:5)
  A ball python (D:1)
  10 bats
  6 frilled lizards
  12 goblins
  7 kobolds
  A leopard gecko simulacrum (D:4)
  2 leopard gecko zombies
  11 rats
  A plant (D:1)
181 creatures vanquished.

Vanquished Creatures (collateral kills)
  A gnoll sergeant (D:4)
  A gnoll (D:4)
  A jackal (D:4)
  A plant (D:1)
4 creatures vanquished.

Grand Total: 185 creatures vanquished

Notes
Turn   | Place    | Note
-------+----------+-------------------------------------------
     0 | D:1      | FishyPogo the Demonspawn Chaos Knight began the quest for
                  | the Orb.
     0 | D:1      | Reached XP level 1. HP: 18/18 MP: 1/1
    38 | D:1      | Reached skill level 1 in Dodging
   116 | D:1      | XOM: harmless Hex miscast
   148 | D:1      | Gained mutation: You have sharp toenails. [demonic
                  | ancestry]
   148 | D:1      | Reached XP level 2. HP: 22/24 MP: 2/2
   403 | D:1      | XOM: divination: magic mapping
   421 | D:1      | XOM: harmless Conj miscast
   734 | D:1      | Gained mutation: You are partially covered in sharp spines.
                  | [demonic ancestry]
   734 | D:1      | Reached XP level 3. HP: 29/29 MP: 3/3
   833 | D:2      | Noticed Terence
   844 | D:2      | Killed Terence
  1135 | D:2      | Gained mutation: You have razor-sharp toenails. [demonic
                  | ancestry]
  1135 | D:2      | Reached XP level 4. HP: 37/37 MP: 4/4
  1301 | D:2      | Noticed an ogre
  1306 | D:2      | Killed an ogre
  1306 | D:2      | Reached skill level 4 in Fighting
  1306 | D:2      | Gained mutation: You have claws for feet. [demonic
                  | ancestry]
  1306 | D:2      | Reached XP level 5. HP: 42/42 MP: 5/5
  1718 | D:3      | Reached skill level 1 in Shields
  1724 | D:3      | XOM: enchant monster (bad)
  1798 | D:3      | Found a shimmering altar of Xom.
  1826 | D:3      | Gained mutation: You are partially covered in rugged brown
                  | scales. (AC +1, +3% HP) [demonic ancestry]
  1826 | D:3      | Reached XP level 6. HP: 30/50 MP: 6/6
  2019 | D:3      | Found a bloodstained altar of Trog.
  2019 | D:3      | Found a hazy altar of Hepliaklqana.
  2093 | D:3      | Noticed Natasha
  2093 | D:3      | Noticed an orc warrior
  2098 | D:3      | Killed an orc warrior
  2103 | D:3      | Noticed Natasha
  2103 | D:3      | Natasha changed into Natasha the killer bee
  2103 | D:3      | XOM: polymorph Natasha -> Natasha the killer bee
  2110 | D:3      | Killed Natasha the killer bee
  2129 | D:3      | XOM: god gift: scroll labeled AMASCH WOLIWOE {god gift}
  2177 | D:3      | Noticed a sky beast
  2194 | D:3      | Killed a sky beast
  2194 | D:3      | Reached XP level 7. HP: 28/56 MP: 7/7
  2233 | D:3      | XOM: summons 3 hostile demons
  2565 | D:3      | Noticed Natasha
  2565 | D:3      | XOM: confuse monster(s)
  2576 | D:3      | Killed Natasha
  2576 | D:3      | Reached skill level 5 in Fighting
  2588 | D:3      | Noticed Natasha
  2593 | D:3      | Killed Natasha
  2643 | D:4      | Found a burning altar of Makhleb.
  2692 | D:4      | Found a stormy altar of Qazlal.
  2708 | D:4      | Noticed Robin
  2745 | D:4      | XOM: divination: magic mapping
  2833 | D:4      | Found a runed translucent gate.
  2834 | D:4      | Found a runed translucent gate.
  2834 | D:4      | Found a runed translucent gate.
  3008 | D:4      | XOM: cleaving
  3013 | D:4      | Killed Robin
  3060 | D:4      | XOM: enchant monster (good)
  3079 | D:4      | XOM: confuse monster(s)
  3105 | D:4      | Reached skill level 5 in Short Blades
  3105 | D:4      | Gained mutation: You are mostly covered in sharp spines.
                  | [demonic ancestry]
  3105 | D:4      | Reached XP level 8. HP: 37/64 MP: 8/8
  3491 | D:4      | Noticed Xerdoz's ghost (amateur OpTm)
  3533 | D:4      | Killed Xerdoz's ghost
  3609 | D:4      | XOM: scenery: create altars
  3618 | D:5      | Entered Level 5 of the Dungeon
  3618 | D:5      | Found a shattered altar of Ashenzari.
  3618 | D:5      | Found a blossoming altar of Fedhas.
  3645 | D:5      | Found the +8 longbow "Zephyr" {speed, Dex+3 SInv}
  3713 | D:5      | Found Itsouff's Weapon Boutique.
  3747 | D:5      | Reached skill level 6 in Fighting
  3911 | D:5      | Learned a level 1 spell: Beastly Appendage
  3943 | D:5      | Found an iron altar of Okawaru.
  4044 | D:5      | XOM: god gift: 7 rations
  4063 | D:5      | Found a sparkling altar of Nemelex Xobeh.
  4081 | D:5      | Reached skill level 5 in Armour
  4085 | D:5      | Found a shadowy altar of Dithmenos.
  4220 | D:5      | XOM: divination: detect creatures
  4262 | D:6      | Noticed a cyclops
  4271 | D:6      | Killed a cyclops
  4271 | D:6      | Reached skill level 5 in Shields
  4281 | D:6      | Reached XP level 9. HP: 57/73 MP: 9/9
  4327 | D:6      | Found a staircase to the Ecumenical Temple.
  4375 | D:6      | XOM: god gift: scroll labeled PUEZANTOESU {god gift}
  4502 | D:6      | Noticed Menkaure
  4504 | D:6      | XOM: fog
  4512 | D:6      | Killed Menkaure
  4743 | D:6      | Found a radiant altar of Vehumet.
  4889 | D:7      | XOM: give mutations
  4889 | D:7      | Gained mutation: You are covered in fur. (AC +1) [Xom's
                  | grace]
  4889 | D:7      | Gained mutation: You possess an exceptional clarity of
                  | mind. [Xom's grace]
  4899 | D:7      | XOM: scenery: 1 doors open
  4993 | D:7      | XOM: divination: detect creatures
  5070 | D:7      | Noticed Joseph
  5088 | D:7      | XOM: divination: detect creatures
  5090 | D:7      | XOM: give mutation
  5090 | D:7      | Gained mutation: Your flesh is cold resistant. (rC+) [Xom's
                  | grace]
  5101 | D:7      | Lost mutation: You possess an exceptional clarity of mind.
                  | [potion of mutation]
  5101 | D:7      | Lost mutation: Your flesh is cold resistant. (rC+) [potion
                  | of mutation]
  5101 | D:7      | Gained mutation: Your flesh is cold resistant. (rC+)
                  | [potion of mutation]
  5101 | D:7      | Gained mutation: You have a pair of small antennae on your
                  | head. [potion of mutation]
  5104 | D:7      | XOM: scenery: 1 doors close
  5104 | D:7      | Reached skill level 7 in Fighting
  5113 | D:7      | Mangled by Joseph

Levels and vault maps discovered:
D:1:      tarquinn_simple_flora_water_d, layout_rooms, minivault_26,
          amethyst_killhole, roderic_lattice_a, serial_bayou_lagoon_a
D:2:      layout_loops_ring, minmay_misc_feat_room, uniq_terence
D:3:      layout_loops_corners, gammafunk_temple_overflow_wave,
          xom_teletrap_fun, uniq_natasha
D:4:      layout_basic, nicolae_qazlal_general_emergency,
          makhleb_blood_cavern_becter, first_ration, gammafunk_ghost_icy,
          nrook_mini_backslash, uniq_robin
D:5:      layout_loops_ring, lemuel_round_altar, kennysheep_mini_moat,
          kennysheep_mini, chequers_temple_overflow_statue_of_worship,
          serial_shops, nicolae_shop_behind_doors, minmay_misc_feat_rugged,
          kennysheep_generic_room_14
D:6:      layout_basic, minmay_temple_entry_sparse_star, basic_altar,
          dk_vineyard_2, minmay_microvault, uniq_menkaure
D:7:      layout_basic, uniq_pikel, uniq_joseph

Skill      XL: |  1  2  3  4  5  6  7  8  9 |
---------------+----------------------------+-----
Dodging        | 1 |  1.0
Armour         | 2 3 4 5 |  5.8
Short Blades   | 3 4 5 6 |  6.3
Fighting       | 4 5 6 7 |  7.0
Shields        | 1 2 4 5 |  5.5

Action                   |  1- 3 |  4- 6 |  7- 9 || total
-------------------------+-------+-------+-------++-------
Melee: Short sword       |   120 |    80 |       ||   200
       Kick              |    33 |    24 |    60 ||   117
       Dagger            |       |    26 |   272 ||   298
Throw: Dart              |       |     2 |       ||     2
       Boomerang         |       |       |     5 ||     5
  Use: Scroll            |       |     1 |     8 ||     9
       Potion            |       |       |     4 ||     4
 Stab: Paralysed         |       |     1 |     2 ||     3
       Confused          |       |       |     1 ||     1
       Invisible         |       |       |     1 ||     1
  Eat: Chunk             |     1 |     3 |     9 ||    13
Armor: Leather armour    |    23 |    22 |    66 ||   111
Dodge: Dodged            |    30 |    44 |    93 ||   167
Block: Buckler           |       |       |    46 ||    46
